 Dungeon Crawl Stone Soup version 0.30-b1-2-g02819fbbbe (webtiles) character file.

Game seed: 3606127372277752941

452 Metae the Shield-Bearer (level 6, -3/56 HPs)
             Began as a Minotaur Fighter on June 23, 2023.
             Slain by Edmund
             ... wielding a +1 flail of protection
              (6 damage)
             ... on level 4 of the Dungeon.
             The game lasted 00:07:00 (2900 turns).

Metae the Shield-Bearer (Minotaur Fighter)          Turns: 2900, Time: 00:07:00

Health: -3/56      AC:  9    Str: 23    XL:     6   Next: 75%
Magic:  5/5        EV:  8    Int:  5    God:
Gold:   228        SH:  8    Dex:  9    Spells: 5/5 levels left

rFire   . . .        a - +0 flail
rCold   . . .        x - +0 kite shield
rNeg    . . .        b - +0 scale mail
rPois   .            (helmet restricted)
rElec   .            (no cloak)
rCorr   .            o - +1 pair of gloves
SInv    .            (no boots)
Will    .....        (no amulet) Stlth
                     (no ring)
HPRegen 0.29/turn    (no ring)
MPRegen 0.09/turn

%: no passive effects
@: no status effects
A: horns 2, retaliatory headbutt
a: no special abilities


You were on level 4 of the Dungeon.
You visited 1 branch of the dungeon, and saw 4 of its levels.

You collected 228 gold pieces.

Inventory:

Hand Weapons
 a - a +0 flail (weapon)
 p - a +0 sling
 q - a +1 mace of venom
Missiles
 j - 32 stones (quivered)
 k - 6 javelins
 v - 11 poisoned darts
Armour
 b - a +0 scale mail (worn)
 c - a +0 chain mail
 o - a +1 pair of gloves (worn)
 x - a +0 kite shield (worn)
Scrolls
 f - 3 scrolls of poison {unknown}
 g - 4 scrolls of identify {unknown}
 i - a scroll of noise {unknown}
 r - 2 scrolls of summoning {unknown}
 t - a scroll of immolation {unknown}
 w - a scroll of teleportation {unknown}
 y - a scroll of silence {unknown}
Potions
 d - a potion of might
 e - 2 potions of brilliance {unknown}
 h - a potion of attraction {unknown}
 l - 5 potions of curing {unknown}
 m - a potion of lignification {unknown}
 n - a potion of heal wounds {unknown}
 s - a potion of resistance {unknown}
 u - a potion of degeneration {unknown}


   Skills:
 + Level 5.5 Fighting
 + Level 4.7 Maces & Flails
 + Level 5.6 Armour
 + Level 5.6 Shields


You had 5 spell levels left.
You didn't know any spells.
Your spell library was empty.

Dungeon Overview and Level Annotations

Branches:
Dungeon (4/15)
 Temple: D:4-7

Altars:
Dithmenos
Fedhas

Annotations:
D:4 Edmund, Natasha


Innate Abilities, Weirdness & Mutations

You have a pair of horns on your head.
You reflexively headbutt those who attack you in melee.


Message History

You block Edmund's attack.
You closely miss Edmund. Your headbutt misses Edmund.
Edmund is heavily wounded.
The ball python barely misses you. x2; Edmund closely misses you.
The ball python closely misses you. x2
You hit Edmund but do no damage.
Edmund is heavily wounded.
Edmund hits you with a +1 flail of protection!
The ball python closely misses you. x2
Edmund hits you with a +1 flail of protection.
You hit Edmund but do no damage.
Edmund is heavily wounded.
The ball python completely misses you. You furiously retaliate!
You headbutt the ball python!
You kill the ball python!
You block Edmund's attack.
You barely miss Edmund. Your headbutt misses Edmund.
Edmund is heavily wounded.
Edmund hits you with a +1 flail of protection!
* * * LOW HITPOINT WARNING * * *
You hit Edmund but do no damage.
Edmund is heavily wounded.
Edmund hits you but does no damage.
Edmund hits you with a +1 flail of protection.
* * * LOW HITPOINT WARNING * * *
Unknown command.
Edmund attacks as you move away! Edmund closely misses you.
Edmund hits you but does no damage. Edmund attacks as you move away!
Edmund hits you with a +1 flail of protection.
* * * LOW HITPOINT WARNING * * *
Edmund attacks as you move away!
Edmund hits you with a +1 flail of protection.
* * * LOW HITPOINT WARNING * * *
Edmund attacks as you move away! Edmund barely misses you.
You furiously retaliate!
You headbutt Edmund. Edmund attacks as you move away!
You block Edmund's attack. Edmund attacks as you move away!
Edmund hits you with a +1 flail of protection.
You die...

............##.... ### ###
#.._........... .> ...
##.........#.... ..
####.##.....8....#.... .
...................... ♣.
#.##♣♣.#♣♣♣........._.......
.P♣.#.#....♣♣.P##...............
♣♣......♣.♣♣♣..P..###...........
♣.....†..♣†.♣.♣@....###.........
....♣..♣.♣♣..♣@♣.##.####....##..
P ...♣........P♣.#♣..# #....###)
.... ♣♣.♣.♣...♣.♣.♣#.# #....# ##
.P. P.♣♣§♣.♣..♣♣♣..h# #....+ ..
♣♣! §♣§♣..♣P♣ ♣♣.. #....# .
♣♣♣♣§♣§.....♣ ♣#.##...## ♣~♣
♣....♣♣ .##...# .P♣ .♣....
.##...#


You could see Edmund.

Vanquished Creatures
  A black bear (D:4)
  A phantom (D:4)
  A scorpion (D:4)
  A jelly (D:3)
  A scorpion zombie (D:3)
  Natasha (D:4)
  3 adders
  An adder zombie (D:3)
  2 adder skeletons (D:3)
  A worm (D:4)
  7 dart slugs
  3 orcs (D:4)
  6 ball pythons
  9 endoplasms (D:3)
  4 giant cockroaches
  4 goblins
  6 hobgoblins
  8 jackals (D:3)
  13 kobolds
  2 quokkas (D:2)
  8 bats
  4 frilled lizards (D:1)
  A quokka skeleton (D:3)
  6 rats
94 creatures vanquished.

Vanquished Creatures (others)
  3 fungi (D:3)
  37 plants (D:4)
  8 toadstools (D:3)
  A withered plant (D:3)
49 creatures vanquished.

Grand Total: 143 creatures vanquished

Notes
Turn   | Place    | Note
-------+----------+-------------------------------------------
     0 | D:1      | Metae the Minotaur Fighter began the quest for the Orb.
     0 | D:1      | Reached XP level 1. HP: 19/19 MP: 0/0
    90 | D:1      | Reached XP level 2. HP: 26/27 MP: 1/1
   935 | D:2      | Reached XP level 3. HP: 32/33 MP: 2/2
  1377 | D:2      | Reached XP level 4. HP: 40/40 MP: 3/3
  2066 | D:3      | Reached XP level 5. HP: 47/47 MP: 4/4
  2497 | D:4      | Noticed a phantom
  2511 | D:4      | Reached skill level 5 in Fighting
  2511 | D:4      | Reached skill level 5 in Armour
  2511 | D:4      | Reached skill level 5 in Shields
  2516 | D:4      | Killed a phantom
  2517 | D:4      | Reached XP level 6. HP: 33/56 MP: 5/5
  2630 | D:4      | Noticed Natasha
  2644 | D:4      | Killed Natasha
  2707 | D:4      | Found a shadowy altar of Dithmenos.
  2713 | D:4      | Found a blossoming altar of Fedhas.
  2849 | D:4      | Noticed Natasha
  2873 | D:4      | Noticed Edmund
  2900 | D:4      | Slain by Edmund

Illustrated notes

Levels and vault maps discovered:
D:1:      lemuel_arrival_behind_the_door_large, layout_basic
D:2:      layout_loops_ring, minmay_heptomino_d4
D:3:      cheibrodos_fertilizer, layout_loops_cross, serial_undead,
          serial_undead_a, serial_undead_b, serial_undead_c, serial_undead_c,
          serial_undead_f, serial_undead_c
D:4:      wad_woods_settlement, layout_basic, grunt_temple_overflow_open,
          uniq_blork_the_orc, uniq_edmund, uniq_natasha

Skill      XL: |  1  2  3  4  5 |
---------------+----------------+-----
Armour         | 4 5 |  5.6
Shields        | 4 5 |  5.6
Fighting       | 4 5 |  5.5
Maces & Flails | 3 4 |  4.7

Action                     |  1- 3 |  4- 6 || total
---------------------------+-------+-------++-------
  Melee: Flail             |    92 |   158 ||   250
         Headbutt          |    10 |    26 ||    36
  Throw: Stone             |       |     3 ||     3
 Armour: Scale mail        |    57 |    72 ||   129
  Dodge: Dodged            |    40 |    68 ||   108
  Block: Buckler           |    20 |    17 ||    37
         Kite shield       |       |    27 ||    27
